Cogmind - Beta 11 @@@ ROGUE MODE // 2022.03.25 @ 22:11:35 Player: Shadow Pussy wanter Result: Self-destructed Performance ------------- Evolutions (5) 2500 Regions Visited (6) 1200 Robots Destroyed (18) 90 Value Destroyed (479) 479 Prototype IDs (1) 20 Alien Tech Used (0) 0 Bonus (0) 0 TOTAL SCORE: 4289 Bonus ------- None Cogmind --------- Core Integrity 804/1000 Matter 70/300 Energy 11/100 System Corruption 0% Temperature Cool (40) Movement Rolling (100) Location -5/Factory Parts ------- > --- POWER (1) -------- (None) > --- PROPULSION (5) --- Armored Huge Wheel > --- UTILITY (9) ------ Small Storage Unit Advanced Weight Redist. System Improved Sensor Array Hacking Suite System Shield System Shield > --- WEAPON (2) ------- Heavy Phase Cannon Mini Grenade Launcher > --- INVENTORY (8) ---- Light Angular Momentum Engine Light Angular Momentum Engine Light Angular Momentum Engine Advanced Signal Interpreter Utility Shielding Peak State ------------ > --- POWER ------------ Micro Fission Core > --- PROPULSION ------- Wheel Armored Huge Wheel Cesium-ion Thruster Field Propulsion Drive > --- UTILITY ---------- Small Storage Unit Advanced Weight Redist. System Improved Sensor Array Transmission Jammer Hacking Suite Improved Hacking Suite System Shield System Shield System Shield > --- WEAPON ----------- Mini Grenade Launcher Improved Plasma Cutter > --- INVENTORY -------- Light Angular Momentum Engine Light Angular Momentum Engine Light Angular Momentum Engine Advanced Signal Interpreter Utility Shielding Heavy Phase Cannon Autogun [Rating: 62] Favorites ----------- Power Ion Engine Engine Ion Engine Power Core Micro Fission Core Propulsion Cesium-ion Thruster Treads Light Treads Leg Aluminum Leg Wheel Armored Huge Wheel Flight Unit Cesium-ion Thruster Utility Small Storage Unit Device Advanced Weight Redist. System Storage Small Storage Unit Hackware System Shield Weapon Autogun Energy Gun Medium Laser Energy Cannon Heavy Phase Cannon Ballistic Gun Autogun Launcher Mini Grenade Launcher Special Weapon Mining Laser Build | -11 -10 -9 -8 -7 -6 -5 ------- Run | Scr Mat Mat Mat Fac Fac Fac Slots Evolved 10 | . . 2 2 2 2 2 Power . | . . . . . . . Propulsion 3 | . . 2 . . . 1 Utility 7 | . . . 2 2 2 1 Weapon . | . . . . . . . Parts Attached 45 | 8 . 12 3 3 3 16 Power 7 | 1 . 2 1 . . 3 Engine 6 | 1 . 2 1 . . 2 Core 1 | . . . . . . 1 Reactor . | . . . . . . . Propulsion 14 | 2 . 7 . . 1 4 Treads 1 | . . 1 . . . . Leg 3 | 2 . 1 . . . . Wheel 3 | . . 1 . . . 2 Hover . | . . . . . . . Flight 7 | . . 4 . . 1 2 Utility 11 | 2 . . 2 3 1 3 Device 4 | . . . 1 . 1 2 Storage 2 | 2 . . . . . . Processor . | . . . . . . . Hackware 5 | . . . 1 3 . 1 Protection . | . . . . . . . Artifact . | . . . . . . . Weapon 13 | 3 . 3 . . 1 6 Energy Gun 2 | 2 . . . . . . Energy Cannon 2 | . . . . . . 2 Ballistic Gun 5 | 1 . 2 . . . 2 Ballistic Cannon . | . . . . . . . Launcher 1 | . . . . . 1 . Special Weapon 3 | . . 1 . . . 2 Impact Weapon . | . . . . . . . Slashing Weapon . | . . . . . . . Piercing Weapon . | . . . . . . . Special Melee Weapon . | . . . . . . . Unidentified Prototypes 1 | . . 1 . . . . Parts Lost 13 | . . . . . 5 8 Power 2 | . . . . . 1 1 Propulsion 6 | . . . . . 3 3 Utility 3 | . . . . . . 3 Weapon 2 | . . . . . 1 1 Highest Loss Streak 8 | . . . . . 5 8 To Critical Strikes . | . . . . . . . Average Slot Usage (%) 94 | . 100 100 95 88 85 87 Engine 8 | . 14 11 9 7 5 1 Leg 11 | . 28 20 . . . . Wheel 2 | . . 4 . . . 7 Flight 15 | . . 16 36 30 25 12 Device 5 | . . . 8 5 . 16 Storage 18 | . 28 22 18 15 13 7 Hackware 10 | . . . 5 12 26 24 Energy Gun 4 | . 14 2 . . . . Ballistic Gun 10 | . 14 17 9 7 5 3 Launcher 1 | . . . . . 4 5 Special Weapon 1 | . . 1 9 7 1 . Naked Turns . | . . . . . . . Heaviest Build 26 | 19 19 24 19 19 19 26 Greatest Support 30 | 20 20 30 29 20 24 26 Greatest Overweight (x) 4 | . . 4 . . 1 . Average Overweight (x) . | . . . . . . . Largest Inventory Capacity 8 | 8 8 8 8 8 8 8 Average Capacity 7 | 7 8 8 8 8 8 8 Most Carried 8 | 6 8 8 8 8 8 7 Average Carried 6 | 3 7 7 8 7 7 6 Final Capacity 8 | 8 8 8 8 8 8 8 Final Carried 8 | 6 8 8 8 6 5 5 Class Distribution -------------------- 42% | Mutant 22% | Sprinter 22% | Hacker-Mutant 11% | Hacker-Sprinter Dominant Class ---------------- Mutant | -10/Materials Mutant | -9/Materials Sprinter | -8/Materials Sprinter | -7/Factory Hacker-Sprinter | -6/Factory Hacker-Mutant | -5/Factory Resources | -11 -10 -9 -8 -7 -6 -5 ----------- Run | Scr Mat Mat Mat Fac Fac Fac Matter Collected 625 | 241 162 62 . . . 160 Remotely . | . . . . . . . Salvage Created 800 | 62 334 82 . . . 322 Parts 33 | 2 16 5 . . . 10 Haulers Intercepted 2 | . . 2 . . . . Recyclers Shooed 2 | . 2 . . . . . Parts Field Recycled . | . . . . . . . Retrieved Matter . | . . . . . . . Parts Self-Destructed . | . . . . . . . Prevented . | . . . . . . . Kills | -11 -10 -9 -8 -7 -6 -5 ------- Run | Scr Mat Mat Mat Fac Fac Fac Combat Hostiles Destroyed 12 | . 6 . . . . 6 Guns 6 | . 6 . . . . . Cannons 3 | . . . . . . 3 AOE 3 | . . . . . . 3 Classes Destroyed 4 | 1 2 1 . . . . Hauler 2 | . . 2 . . . . Recycler 4 | 1 2 . . . . 1 Swarmer 5 | . 2 . . . . 3 Grunt 7 | . 4 . . . . 3 Best Kill Streak 4 | 1 4 2 . . . 3 Combat Bots Only 3 | . 2 . . . . 3 Max Kills in Single Turn 2 | 1 1 1 . . . 2 Gunslinging . | . . . . . . . Exploded 2 | . . . . . . 2 Melee . | . . . . . . . Uniques/NPCs Destroyed . | . . . . . . . Combat | -11 -10 -9 -8 -7 -6 -5 -------- Run | Scr Mat Mat Mat Fac Fac Fac Damage Taken 1608 | . 246 . 78 . 384 900 Core 361 | . 45 . 29 . 91 196 Absorbed by Shields 59 | . . . . . 59 . Regen/Repaired (Parts) 18 | . . . . . . 18 Core Remaining (%) 94 | 100 82 100 94 100 89 . Volleys Fired 87 | 3 38 12 7 . 2 25 Largest 2 | 2 2 2 1 . 1 1 Hottest 100 | 70 70 100 100 . 100 90 Shots Fired 133 | 6 76 17 7 . 2 25 Gun 106 | 6 76 10 . . . 14 Cannon 4 | . . . . . . 4 Launcher 3 | . . . . . . 3 Special 20 | . . 7 7 . 2 4 Kinetic 65 | 3 38 10 . . . 14 Thermal 62 | 3 38 7 7 . 2 5 Explosive 3 | . . . . . . 3 Electromagnetic . | . . . . . . . Robot Hit Streak 15 | 1 8 7 . . . 15 Robot Miss Streak 8 | 2 8 1 . . . 1 Penetration Max . | . . . . . . . Secondary Targets 1 | . 1 . . . . . Max Gunslinging Chain 1 | . 1 . . . . . Shots Hit Robots 66 | 2 39 7 . . . 18 Core Hits 30 | 1 12 3 . . . 14 Critical Kills . | . . . . . . . Critical Parts Destroyed 1 | . . . . . . 1 Critical Strikes 4 | . 3 . . . . 1 Burn 3 | . 3 . . . . . Destroy 1 | . . . . . . 1 Melee Attacks . | . . . . . . . Impact . | . . . . . . . Slashing . | . . . . . . . Piercing . | . . . . . . . Sneak Attacks . | . . . . . . . Combat Hostiles . | . . . . . . . Follow-up Attacks . | . . . . . . . Damage Inflicted 1299 | 29 465 96 . . . 709 Guns 776 | 29 465 96 . . . 186 Cannons 140 | . . . . . . 140 Explosions 383 | . . . . . . 383 Melee . | . . . . . . . Ramming . | . . . . . . . Kinetic 561 | 29 250 96 . . . 186 Thermal 355 | . 215 . . . . 140 Explosive 383 | . . . . . . 383 Electromagnetic . | . . . . . . . Impact . | . . . . . . . Slashing . | . . . . . . . Piercing . | . . . . . . . Highest Corruption 1 | . 1 . . . . . Average Corruption 1 | . 1 . . . . . Corruption Purged . | . . . . . . . Corruption Blocked . | . . . . . . . Overload Shots . | . . . . . . . Overflow Damage 50 | . . . . . . 50 Projectiles . | . . . . . . . Explosions 50 | . . . . . . 50 Melee . | . . . . . . . Knockbacks . | . . . . . . . Impact . | . . . . . . . Kinetic . | . . . . . . . Secondary . | . . . . . . . Self-Inflicted Damage . | . . . . . . . Shots . | . . . . . . . Rammed . | . . . . . . . Targets Rammed . | . . . . . . . Kicked . | . . . . . . . Crushed . | . . . . . . . Highest Temperature 159 | 27 108 159 82 . . 40 Average Temperature 42 | 14 35 74 33 . . 22 Received Heat Transfer 211 | . 66 . 36 . 91 18 Siege Activations . | . . . . . . . Robots Corrupted . | . . . . . . . Combat Hostiles . | . . . . . . . Parts Fried . | . . . . . . . Impact Corruptions . | . . . . . . . Robots Melted . | . . . . . . . Combat Hostiles . | . . . . . . . Parts Melted . | . . . . . . . Heat Transferred 999 | . 851 . . . . 148 Parts Sabotaged . | . . . . . . . Parts Stolen . | . . . . . . . Parts Stripped . | . . . . . . . Power Chain Reactions . | . . . . . . . Missiles Intercepted . | . . . . . . . Alert | -11 -10 -9 -8 -7 -6 -5 ------- Run | Scr Mat Mat Mat Fac Fac Fac Peak Influence 467 | 5 199 217 382 173 241 467 Initial 173 | . 3 83 91 173 84 93 Average 137 | 1 105 103 179 173 159 205 Maximum Alert Level 2 | . . 1 1 . 1 2 Low Security (%) 86 | 100 100 95 73 100 87 62 Level 1 8 | . . 4 26 . 12 13 Level 2 5 | . . . . . . 23 Level 3 . | . . . . . . . Level 4 . | . . . . . . . Level 5 . | . . . . . . . High Security . | . . . . . . . Max Security . | . . . . . . . Squads Dispatched 7 | . 3 . 1 . 1 2 Investigation 1 | . . . . . . 1 Extermination . | . . . . . . . Reinforcement 6 | . 3 . 1 . 1 1 Assault . | . . . . . . . Garrison . | . . . . . . . Intercept . | . . . . . . . Searches Triggered 1 | . . . . . . 1 Construction Impeded . | . . . . . . . Haulers Reinforced . | . . . . . . . Active Scanning Responses . | . . . . . . . Cargo Convoy Interrupts . | . . . . . . . Stealth | -11 -10 -9 -8 -7 -6 -5 --------- Run | Scr Mat Mat Mat Fac Fac Fac Distress Signals 6 | . 1 3 1 . . 1 Communications Jammed . | . . . . . . . Distress Signals . | . . . . . . . Times Spotted 75 | . 15 6 23 . 14 17 Peak Tracking Total 13 | . 4 6 13 . 9 8 Tactical Retreats 9 | . . 1 3 . 2 3 Traps | -11 -10 -9 -8 -7 -6 -5 ------- Run | Scr Mat Mat Mat Fac Fac Fac Traps Triggered 2 | . 1 . . . 1 . Indirectly . | . . . . . . . Trap Hack Attempts . | . . . . . . . Triggered . | . . . . . . . Disarmed . | . . . . . . . Reprogrammed . | . . . . . . . Reused . | . . . . . . . Traps Extracted . | . . . . . . . Installed . | . . . . . . . Triggered . | . . . . . . . Machines | -11 -10 -9 -8 -7 -6 -5 ---------- Run | Scr Mat Mat Mat Fac Fac Fac Machines Disabled 6 | . . . . . . 6 Max in Single Turn 4 | . . . . . . 4 Garrison Access 1 | . . . . . 1 . Machines Sabotaged . | . . . . . . . Garrisons Compromised . | . . . . . . . Overloaded Fab Kills . | . . . . . . . Hacking | -11 -10 -9 -8 -7 -6 -5 --------- Run | Scr Mat Mat Mat Fac Fac Fac Machines Accessed 15 | . 1 1 3 1 6 3 Terminals 12 | . 1 1 3 1 5 1 Fabricators 1 | . . . . . . 1 Repair Stations 1 | . . . . . . 1 Recycling Units . | . . . . . . . Scanalyzers . | . . . . . . . Garrison Access 1 | . . . . . 1 . Total Hacks 54 | . 2 1 3 8 21 19 Successful 22 | . . . . 4 9 9 Failed 32 | . 2 1 3 4 12 10 Catastrophic 7 | . . 1 2 . 1 3 Database Lockouts . | . . . . . . . Manual 28 | . 2 1 3 2 8 12 Terminals 45 | . 2 1 3 8 19 12 Fabricators 2 | . . . . . . 2 Repair Stations 5 | . . . . . . 5 Recycling Units . | . . . . . . . Scanalyzers . | . . . . . . . Garrison Access 2 | . . . . . 2 . Terminal Hacks 16 | . . . . 4 8 4 Record 1 | . . . . . 1 . Part Schematic 2 | . . . . 1 1 . Robot Analysis 2 | . . . . 2 . . Level Access Points 1 | . . . . . 1 . Terminal Index 1 | . . . . . 1 . Alert Level 2 | . . . . . 1 1 Unreport Threat 3 | . . . . . . 3 Security Status 1 | . . . . . 1 . Hauler Manifests 1 | . . . . . 1 . Registered Components 1 | . . . . . 1 . Zone Layout 1 | . . . . 1 . . Fabricator Hacks 2 | . . . . . . 2 Load Schematic 1 | . . . . . . 1 Build 1 | . . . . . . 1 Repair Station Hacks 3 | . . . . . . 3 Scan Component 2 | . . . . . . 2 Repair 1 | . . . . . . 1 Recycling Unit Hacks . | . . . . . . . Scanalyzer . | . . . . . . . Garrison Access Hacks 1 | . . . . . 1 . Seal Access 1 | . . . . . 1 . Unauthorized Hacks . | . . . . . . . Terminals . | . . . . . . . Fabricators . | . . . . . . . Repair Stations . | . . . . . . . Recycling Units . | . . . . . . . Scanalyzers . | . . . . . . . Garrison Access . | . . . . . . . Data Cores Recovered . | . . . . . . . Used . | . . . . . . . Hacking Detections 13 | . 1 1 3 1 4 3 Full Trace Events 1 | . . . . . . 1 Feedback Events . | . . . . . . . Feedback Blocked . | . . . . . . . Robot Schematics Acquired . | . . . . . . . Robots Built . | . . . . . . . Authchips . | . . . . . . . Time . | . . . . . . . Total Robot Build Rating . | . . . . . . . Part Schematics Acquired 2 | . . . . 1 1 . Parts Built 1 | . . . . . . 1 Authchips . | . . . . . . . Time 95 | . . . . . . 95 Total Part Build Rating 5 | . . . . . . 5 Parts Repaired 1 | . . . . . . 1 Time 12 | . . . . . . 12 Parts Recycled . | . . . . . . . Recycled Matter . | . . . . . . . Retrieved Matter . | . . . . . . . Retrieved Components . | . . . . . . . Parts Scanalyzed . | . . . . . . . Part Schematics Acquired . | . . . . . . . Parts Damaged . | . . . . . . . Bothacking | -11 -10 -9 -8 -7 -6 -5 ------------ Run | Scr Mat Mat Mat Fac Fac Fac Used RIF Installer . | . . . . . . . Robots Hacked 1 | . . . . . . 1 Non-combat 1 | . . . . . . 1 Combat . | . . . . . . . Robot Hacks Applied 3 | . . . . . . 3 parse_system 1 | . . . . . . 1 no_distress 1 | . . . . . . 1 find_recycling 1 | . . . . . . 1 Relay Couplers Released . | . . . . . . . Fabnet Peak Effective % . | . . . . . . . Robots Rewired . | . . . . . . . Allies Hacked . | . . . . . . . Hacks Repelled . | . . . . . . . Allies | -11 -10 -9 -8 -7 -6 -5 -------- Run | Scr Mat Mat Mat Fac Fac Fac Total Allies . | . . . . . . . Largest Group . | . . . . . . . Highest-Rated Group . | . . . . . . . Highest-Rated Ally . | . . . . . . . Total Orders . | . . . . . . . Ally Attacks . | . . . . . . . Total Damage . | . . . . . . . Kills . | . . . . . . . Allies Corrupted . | . . . . . . . Allies Melted . | . . . . . . . Intel | -11 -10 -9 -8 -7 -6 -5 ------- Run | Scr Mat Mat Mat Fac Fac Fac Robot Analysis Total 2 | . . . . 2 . . Derelict Logs Recovered . | . . . . . . . Drone Launches . | . . . . . . . Drone Recoveries . | . . . . . . . Exploration | -11 -10 -9 -8 -7 -6 -5 ------------- Run | Scr Mat Mat Mat Fac Fac Fac Turns Passed 1426 | 92 341 305 157 38 157 336 Spaces Moved 2200 | 58 174 373 477 131 512 475 Core 4 | 4 . . . . . . Treads . | . . . . . . . Legs 291 | 54 174 63 . . . . Wheels 83 | . . 83 . . . . Hover . | . . . . . . . Flight 1822 | . . 227 477 131 512 475 Fastest Speed 26 | 50 120 26 26 26 26 32 Average Speed 46 | 115 120 62 26 26 26 47 Slowest Speed 370 | 120 120 370 26 26 109 55 Overloaded Moves . | . . . . . . . Propulsion Burnouts . | . . . . . . . Robots Hopped 21 | . . 2 10 . 6 3 Cave-ins Triggered . | . . . . . . . Exploration Rate (%) 20 | 4 35 37 34 6 13 11 Regions Visited 6 Branch Regions . Pre-discovered Areas . | . . . . . . . Known Exits Taken 1 | . . . . . 1 . Unknown Exits Taken 5 | 1 1 1 1 1 . . Scrap Searched . | . . . . . . . Spaces Dug 13 | . . 7 6 . . . Terrain Destroyed 39 | . . 7 6 . . 26 Melee . | . . . . . . . Projectile 13 | . . 7 6 . . . AOE 26 | . . . . . . 26 Terrain Rammed . | . . . . . . . Walls Destroyed . | . . . . . . . Machines Disabled . | . . . . . . . Actions | -11 -10 -9 -8 -7 -6 -5 --------- Run | Scr Mat Mat Mat Fac Fac Fac Total 2406 | 73 230 413 477 134 521 558 Wait 49 | . 17 . . . . 32 Move 2154 | 57 173 368 458 130 499 469 Hop 19 | . . 2 8 . 6 3 Pick Up 22 | 5 2 7 . . 2 6 Fast Attach 22 | 7 . 6 2 . . 7 Attach 15 | . . 2 . 3 3 7 Detach 3 | . . . . 1 . 2 Swap 8 | 1 . 4 1 . . 2 Drop 19 | . . 12 1 . 1 5 Fire 87 | 3 38 12 7 . 2 25 Melee . | . . . . . . . Ram . | . . . . . . . Kick . | . . . . . . . Crush . | . . . . . . . Escape Stasis 8 | . . . . . 8 . Rewire . | . . . . . . . Trap . | . . . . . . . Miscellaneous . | . . . . . . . Route ------- -11/Scrapyard -10/Materials -9/Materials -8/Materials -7/Factory -6/Factory (discovered 4 exits: *Fac x4) -5/Factory History --------- Turn | Location | Event 5 | -11/Scrapyard | Discovered new exit (range 16) 93 | -11/Scrapyard | Entered Materials 304 | -10/Materials | Build established: Mutant 332 | -10/Materials | Discovered new exit (range 5) 434 | -10/Materials | Entered another Materials area 434 | -9/Materials | Evolved 2 slots: Propulsion x2 737 | -9/Materials | Discovered new exit (range 5) 739 | -9/Materials | Entered another Materials area 739 | -8/Materials | Evolved 2 slots: Utility x2 892 | -8/Materials | Discovered new exit (range 16) 896 | -8/Materials | Entered Factory 896 | -7/Factory | Evolved 2 slots: Utility x2 917 | -7/Factory | Build established: Sprinter 933 | -7/Factory | Discovered new exit (range 3) 934 | -7/Factory | Entered another Factory area 934 | -6/Factory | Evolved 2 slots: Utility x2 950 | -6/Factory | Identified exit to Factory 1091 | -6/Factory | Entered another Factory area 1091 | -5/Factory | Evolved 2 slots: Propulsion x1, Utility x1 1121 | -5/Factory | Lost 5 parts (1p3n1w) 1205 | -5/Factory | Repaired Cesium-ion Thruster 1320 | -5/Factory | Fabricated Imp. Hacking Suite (x1) 1391 | -5/Factory | Search patrols dispatched 1396 | -5/Factory | Build established: Hacker-Mutant 1427 | -5/Factory | Self-destructed Last Messages --------------- 01391_ ALERT: Heightened foreign activity detected, multiple search patrols dispatched. 01407_ Connecting with Terminal... >>Alert(Check) Current Alert Level: 1-Q >>Alert(Purge) Purged threat record, alert level lowered. >>Alert(Purge) Purged threat record, alert level lowered. >>Alert(Purge) Purged threat record, alert level lowered. 01415_ Transmission Jammer destroyed. 01418_ Autogun destroyed. 01419_ Mic. Fission Core destroyed. 01420_ Field Propulsion Drive destroyed. 01421_ S-27 Virus destroyed. 01422_ System Shield destroyed. 01423_ S-27 Virus destroyed. 01423_ Imp. Hacking Suite destroyed. 01425_ S-27 Virus destroyed. Map ----- +----------------------------------------------------+ | ?????????????????????????????? | | ?????????????????????????????? | | ?????????????????????????????? | | ?????????????????????????????? | | ?????????????????????????????? | | ?????????????????????????????? | | ?????????????????????????????? | | ?????????????????????????????? | | ?????????????????????????????? | | ?????????????????????????????? | | ####+###########+####+##+#???? | | """ #???? | | F " #???? | | #???? | | #???? | | #???? | | ###+############ #???? | | ]!=#? ??????????+ #???? | | ]! #? ??????????# #???? | | ]= # """ ?????????# #???? | | # """ ?????????# #???? | | # """ "????????# #???? | | # ????????# #???? | | #+###########???????# %#???? | | ????????????????????# ##+####? | | ????????????????????# # [@[ #? | | ????????????????????# # %%= #? | | ????????????????????# #s"T"s#? | | ????????????????????# # """ #? | | ????????????????????# # #? | | ????????????????????? ###Y###? | | ????????????????????? ??# ??? | | ????????????????????????# ??? | | ????????????????????????# ??? | | ????????????????????????? ??? | | ????????????????????????? !??? | | ?#########??????????????? ??? | | ? ????????????????????? | | " ?????????????????????? | | Y " " "?????????????????????? | | " " " "?????????????????????? | | " " " ????????????????????? | | " " " ????????????????????? | | " " " ????????????????????? | | " " "?????????????????????? | | " " "?????????????????????? | | " " "?????????????????????? | | ? " " "?????????????????????? | | ? ??????????????????????? | | ??######?????????????????????? | +----------------------------------------------------+ Best States ------------- Heat Dissipation 40 Energy Generation 18 Energy Capacity 280 Matter Stores 300 Matter Capacity 300 Sight Range 16 Terrain Scan Density 10 Jamming Range 12 Additional Mass Support 9 Evasion (%) 64 Offensive Hacking 22 Defensive Hacking 30 Item Schematics ----------------- Hacking Suite | -7/Factory | Hacked Imp. Hacking Suite | -6/Factory | Hacked Robot Schematics ------------------ None Fabricated ------------ Imp. Hacking Suite | x1 | -5/Factory Alien Tech Used ----------------- None Achievements -------------- None Challenges ------------ None Game ------ Seed TractorDeepDisintegrator Manual? 0 Play Time 00:34:21 Cumulative 43.4 hours Start 2022.03.25 @ 21:39:48 End 2022.03.25 @ 22:11:35 Sessions 1 Manual Loads 0 Difficulty Rogue Special Mode None Game No. 76 Rogue 76 Adventurer 0 Explorer 0 Win Type - Total 0 Types 0/0/0/0/0/0/0/0/0 Lore% 36 Gallery% 43 Achievement% 30 Wizard Run 0 Options --------- ASCII 0 Keyboard 0 Movement Numpad Keybinds 0 Fullscreen 1 Font 18/SmallcapsGlow Map View 76x50 Tactical HUD 1 Map Filters NONE Filters NONE Steam 1 RUN: 68c8901a-d85e-4c3e-9d3c-a83f9d54bf41